 Dungeon Crawl Stone Soup version 0.20-a0-507-gc86f373 (webtiles) character file.

125131 dvd the Basher (level 16, -11/158 HPs)
             Began as a Troll Berserker on Jan 21, 2017.
             Was a High Priest of Trog.
             Mangled by a deep elf knight
             ... wielding a +0 scimitar
              (19 damage)
             ... on level 1 of the Elven Halls.
             The game lasted 02:04:54 (28012 turns).

dvd the Basher (Troll Berserker)                   Turns: 28012, Time: 02:04:55

Health: -11/158    AC: 15    Str: 31    XL:     16   Next: 40%
Magic:  5/5        EV: 17    Int:  4    God:    Trog [*****.]
Gold:   1643       SH:  0    Dex: 13    Spells: 15/15 levels left

rFire    + + .     SeeInvis .   a - +4 dire flail (antimagic)
rCold    + . .     Gourm    +   G - +1 troll leather armour
rNeg     . . .     Faith    .   (shield currently unavailable)
rPois    +         Spirit   .   (helmet restricted)
rElec    +         Reflect  .   j - +2 cloak
rCorr    .         Harm     .   (gloves unavailable)
MR       +++..     Rnd*Rage +   (boots unavailable)
Stlth    ++........             k - amulet "Diocim" {rElec rPois rC+ MR- Regen+}
Regen    2.6/turn               i - ring "Jemodd" {rF+ Slay+3}
                                W - ring of protection from magic

@: about to teleport, regenerating, drained
A: unfitting armour, antennae 1, beak, claws 3, talons 1, repulsion field 1, icy
blue scales 1, thin metallic scales 1, berserk 1, fire resistance 1, fast
metabolism 3, gourmand, regeneration 1, shaggy fur 1, strong 1, tough skin 2
a: Berserk, Trog's Hand, Brothers in Arms, Burn Spellbooks, Renounce Religion


You were on level 1 of the Elven Halls.
You worshipped Trog.
Trog was extremely pleased with you.
You were very full.

You visited 5 branches of the dungeon, and saw 24 of its levels.
You visited the Abyss 1 time.
You also visited: Ice Cave.

You collected 2426 gold pieces.
You spent 783 gold pieces at shops.

Inventory:

Hand Weapons
 a - a +4 antimagic dire flail (weapon)
 m - a +9 antimagic spear
 o - the +3 trident of the Twenty Beds {pierce, *Contam rF+ rN++ MP+9}
   (You found it on level 3 of the Lair of Beasts)

   It inflicts extra damage upon your enemies.
   It protects you from fire.
   It greatly protects you from negative energy.
   It affects your magic capacity (+9).
   It causes magical contamination when unequipped.
 t - a +1 great mace of holy wrath
 M - a +2 trident of piercing
 P - a +3 antimagic great mace
 R - a +6 longbow of freezing
 T - a +0 broad axe of venom
Missiles
 w - 5 poisoned javelins
 H - 2 silver javelins
 I - 7 poisoned tomahawks
 J - a javelin
 K - 6 steel tomahawks
 X - 37 tomahawks
 Y - 16 large rocks (quivered)
Armour
 e - the +1 robe of Valiance {rPois rC+}
   (You found it on level 4 of the Dungeon)

   It protects you from cold.
   It protects you from poison.
 j - a +2 cloak (worn)
 n - a +0 large shield
 u - a +0 cloak of invisibility
 G - a +1 troll leather armour (worn)
 N - a +0 robe of fire resistance
Jewellery
 i - the ring "Jemodd" (right claw) {rF+ Slay+3}
   (You found it on level 6 of the Lair of Beasts)

   [ring of protection from fire]

   It affects your accuracy and damage with ranged weapons and melee attacks
   (+3).
   It protects you from fire.
 k - the amulet "Diocim" (around neck) {rElec rPois rC+ MR- Regen+}
   (You bought it in a shop on level 9 of the Dungeon)

   [amulet of regeneration]

   It protects you from cold.
   It insulates you from electricity.
   It protects you from poison.
   It affects your resistance to hostile enchantments.
   It increases your rate of regeneration.
 x - a +3 ring of evasion
 y - a +2 ring of slaying
 V - an uncursed ring of protection from cold
 W - a ring of protection from magic (left claw)
Wands
 v - a wand of lightning (9/15)
 A - a wand of flame (17/48)
 B - a wand of scattershot (1/9)
 D - a wand of enslavement (5/24)
 Q - a wand of iceblast (6/15)
 U - a wand of iceblast (6/15)
Scrolls
 d - 18 scrolls of identify
 s - 9 scrolls of remove curse
 z - a scroll of fog
 C - 3 scrolls of teleportation
 O - a scroll of silence
 Z - a scroll of blinking
Potions
 f - 4 potions of brilliance
 h - 5 potions of curing
 E - a potion of might
 L - 3 potions of agility
Comestibles
 c - 12 bread rations
 g - 11 fruits
 p - 10 meat rations
 q - 5 chunks of flesh
 r - 32 royal jellies


   Skills:
 + Level 10.1(9.7) Fighting
 + Level 2.3(10.7) Axes
 + Level 13.7(13.3) Maces & Flails
 + Level 11.3(11.0) Polearms
 + Level 11.2(10.7) Throwing
 * Level 4.2(3.9) Armour
 + Level 10.4(10.0) Dodging
 + Level 2.4(2.1) Stealth
 + Level 5.8(5.4) Shields


You had 15 spell levels left.
You didn't know any spells.

Dungeon Overview and Level Annotations

Branches:
Dungeon (14/15) Temple (1/1) D:4 Lair (6/6) D:8 Swamp (0/4) Lair:4 Spider (0/4) Lair:4 Slime (0/5) Lair:5 Orc (2/2) D:10 Elf (1/3) Orc:2 Vaults (0/5) D:12 D:13

Altars:
Ashenzari
Cheibriados
Dithmenos
Elyvilon
Fedhas
Gozag
Hepliaklqana
Kikubaaqudgha
Makhleb
Nemelex Xobeh
Okawaru
Qazlal
Ru
Sif Muna
Trog
Uskayaw
Vehumet
Xom
Yredelemnul
Zin
The Shining One
Beogh

Shops:
D:9 =   Orc:1 =   Orc:2 (}?:

Annotations:
D:13 exclusion: obsidian statue


Innate Abilities, Weirdness & Mutations

You are too large for most types of armour.
You have claws for hands.
Your metabolism is lightning-fast.
You like to eat raw meat.
Your natural rate of healing is unusually fast.
You are covered in fur. (AC +1)
You have very tough skin. (AC +2)
You have a pair of small antennae on your head.
You have a beak for a mouth.
You have sharp toenails.
You are surrounded by a mild repulsion field. (EV +2)
You are partially covered in icy blue scales. (AC +2)
You are partially covered in thin metallic scales. (AC +2)
You tend to lose your temper in combat.
Your flesh is heat resistant. (rF+)
Your muscles are strong. (Str +2)


Message History

The deep elf mage mumbles some strange words.
The jumping spider pounces on you but does no damage.
The jumping spider bites you.
Unknown command.
Something blocks your attack.
Your kick misses something. Your peck misses something. Something hits you!!
* * * LOW HITPOINT WARNING * * *
The hell rat twitches its whiskers.
The deep elf archer blinks!
The jumping spider misses you. x2
Unknown command.
As you read the scroll of teleportation, it crumbles to dust.
You feel strangely unstable.
You hear some strange, mumbled words.
A shard of ice appears from out of thin air!
The shard of ice hits you! You partially resist.
* * * LOW HITPOINT WARNING * * *
The jumping spider pounces on you.
* * * LOW HITPOINT WARNING * * *
The jumping spider closely misses you. Something hits you!!
You die...

. .## #.#.. .. ..# .#.# #
#.# #.# ..# .# #+##
#.###.# #.###.# #...#
#..##.# #..... #.....
##.##.# ##.#.# #......
##.##.#####....###sr.....
...............s@{seE§..§
......#####....###eE§.(.§
##.#### ###.#.# #......
.....# #.####.# #e....
.....# #.#.# #.# #...#
##'##(#.### ..# #+##
#...####.# ### .......##
........##


You could see a demonic crawler, a deep elf archer, 2 deep elf magi, 2 fire
elementals, a jumping spider, a tarantella and a hell rat.

Vanquished Creatures
  A tentacled starspawn (Abyss:2)
  Agnes (D:14)
  A frost giant (IceCv)
  A deep elf sorcerer (Abyss:2)
  The ghost of psellion the Spear-Bearer, a journeyman FoFi of Okawaru (D:14)
  Azrael (Orc:2)
  The ghost of Feta the Cleaver, a journeyman FoFi of the Shining One (D:12)
  The ghost of nono the Blocker, a journeyman HaAs of Uskayaw (Lair:2)
  Erolcha (D:10)
  3 hydras
  2 centaur warriors (D:13)
  2 dancing weapons (Elf:1)
  10 two-headed ogres
  9 death yaks
  6 catoblepae
  Urug (D:12)
  3 deep elf knights
  A wretched star (Abyss:2)
  Nergalle (D:10)
  9 skeletal warriors
  An unseen horror (D:14)
  A swamp dragon (Lair:4)
  A wizard (D:12)
  4 orc knights
  5 deep elf magi
  13 ugly things
  2 cyclopes
  2 manticores (Lair:6)
  8 orc sorcerers (Orc:2)
  12 elephants
  4 black mambas
  Joseph (D:12)
  A torpor snail (Lair:3)
  An ice statue (IceCv)
  Psyche (D:9)
  12 spiny frogs
  2 smoke demons (Abyss:2)
  An apocalypse crab (Abyss:2)
  A spiny frog (shapeshifter) (D:13)
  2 gargoyles
  9 komodo dragons
  2 kobold demonologists (Abyss:2)
  4 rime drakes
  A tengu conjurer (D:13)
  A queen bee (Lair:4)
  7 trolls
  19 polar bears
  3 meliai (Lair:4)
  Grinder (D:5)
  A hornet (D:10)
  Prince Ribbit (D:9)
  8 hippogriffs
  A raiju (shapeshifter) (D:14)
  4 slime creatures (D:14)
  34 blink frogs
  A fire giant simulacrum (Abyss:2)
  3 wyverns
  A centaur simulacrum (D:14)
  2 wraiths
  3 redbacks (Lair:4)
  66 yaks
  A small abomination (Abyss:2)
  16 humans (D:12)
  A wyvern (shapeshifter) (Elf:1)
  3 hungry ghosts
  2 fire elementals (Orc:2)
  2 basilisks
  2 vampire mosquitoes (D:12)
  A neqoxec (Abyss:2)
  2 soldier ants
  2 acid dragons (D:14)
  5 wargs
  5 large abominations (Abyss:2)
  2 hell hounds (Orc:2)
  7 water moccasins
  8 porcupines
  11 ice beasts
  21 orc warriors
  3 sky beasts
  A black bear (D:8)
  An eye of draining (D:12)
  5 phantoms
  3 necrophages
  23 wolves
  10 centaurs
  10 ogres
  9 big kobolds
  20 crocodiles
  13 bullfrogs
  A gnoll sergeant (D:9)
  A scorpion (D:6)
  29 killer bees
  4 wights (D:10)
  A howler monkey (D:14)
  An electric eel (Orc:1)
  2 bullfrog zombies (D:12)
  3 centaur zombies
  6 crimson imps
  2 quasits
  7 starcursed masses (Abyss:2)
  8 hounds
  9 jellies
  2 bullfrog skeletons
  19 orc priests
  4 centaur skeletons
  38 orc wizards
  A gnoll shaman (D:5)
  An iguana (Lair:4)
  12 worker ants
  2 hell rats (Lair:3)
  A killer bee zombie (D:9)
  A hound zombie (D:10)
  7 gnolls
  5 river rats (Lair:3)
  14 adders
  5 shadow imps
  A white imp (Abyss:2)
  An ufetubus (Abyss:2)
  2 oozes (Lair:5)
  A dart slug (D:1)
  5 leopard geckos
  89 orcs
  A ball python (D:4)
  5 bats
  3 giant cockroaches
  10 goblins
  7 hobgoblins
  8 jackals
  3 quokkas
  7 frilled lizards
  A jackal skeleton (D:9)
  34 kobolds
  A leopard gecko skeleton (D:4)
  8 rats
  A fungus (Lair:6)
  2 plants
  A starspawn tentacle (Abyss:2)
869 creatures vanquished.

Vanquished Creatures (collateral kills)
  A tentacled starspawn (Abyss:2)
  An ogre mage (Orc:2)
  3 death yaks (Lair:6)
  3 thrashing horrors (Abyss:2)
  A wretched star (Abyss:2)
  An orc sorcerer (Orc:2)
  3 oklob plants (Lair:1)
  A smoke demon (Abyss:2)
  An ettin zombie (Abyss:2)
  A ynoxinul (Abyss:2)
  2 yaks (Lair:6)
  A small abomination (Abyss:2)
  An orc priest (Orc:2)
  7 starcursed masses (Abyss:2)
  An orc wizard (Orc:2)
28 creatures vanquished.

Vanquished Creatures (others)
  An unseen horror (D:14)
  A yak (IceCv)
  An orc wizard (D:11)
  16 bushes (D:14)
  16 fungi
  3 plants
  6 starspawn tentacles (Abyss:2)
44 creatures vanquished.

Grand Total: 941 creatures vanquished

Notes
Turn   | Place    | Note
-------+----------+-------------------------------------------
     0 | D:1      | dvd the Troll Berserker began the quest for the Orb.
     0 | D:1      | Reached XP level 1. HP: 22/22 MP: 0/0
   222 | D:1      | Reached XP level 2. HP: 29/29 MP: 1/1
   365 | D:1      | Reached skill level 3 in Maces & Flails
   792 | D:2      | Reached XP level 3. HP: 23/36 MP: 2/2
   846 | D:2      | Found a basalt altar of Yredelemnul.
   866 | D:2      | Reached ** piety under Trog
  1245 | D:2      | Reached XP level 4. HP: 37/44 MP: 3/3
  2518 | D:4      | Got a wizard robe
  2529 | D:4      | Identified the cursed +1 robe of Valiance {rPois rC+} (You found it on level 4 of the Dungeon)
  2530 | D:4      | Found a staircase to the Ecumenical Temple.
  2541 | D:4      | Reached skill level 4 in Maces & Flails
  2541 | D:4      | Reached XP level 5. HP: 52/52 MP: 4/4
  2560 | Temple   | Entered the Ecumenical Temple
  3124 | D:5      | Entered Level 5 of the Dungeon
  3124 | D:5      | Noticed Grinder
  3136 | D:5      | Killed Grinder
  3136 | D:5      | Reached skill level 1 in Throwing
  3136 | D:5      | Reached XP level 6. HP: 36/61 MP: 5/5
  3225 | D:5      | Reached *** piety under Trog
  3246 | D:5      | Found a glowing silver altar of Zin.
  3266 | D:5      | Reached skill level 5 in Maces & Flails
  3273 | D:5      | Reached XP level 7. HP: 49/67 MP: 6/6
  3942 | D:5      | Reached skill level 5 in Dodging
  4138 | D:6      | Received a gift from Trog
  4138 | D:6      | Reached skill level 6 in Maces & Flails
  4138 | D:6      | Reached XP level 8. HP: 70/78 MP: 7/7
  4212 | D:6      | Found a shadowy altar of Dithmenos.
  4212 | D:6      | Found a glowing golden altar of the Shining One.
  4416 | D:6      | Reached **** piety under Trog
  4875 | D:7      | Found a radiant altar of Vehumet.
  4875 | D:7      | Found a snail-covered altar of Cheibriados.
  4939 | D:7      | Reached skill level 7 in Maces & Flails
  5176 | D:7      | Reached XP level 9. HP: 85/85 MP: 8/8
  5592 | D:8      | Noticed a two-headed ogre
  5602 | D:8      | Killed a two-headed ogre
  5602 | D:8      | Reached skill level 8 in Maces & Flails
  5602 | D:8      | Reached skill level 5 in Throwing
  5736 | D:8      | Reached skill level 5 in Fighting
  5804 | D:8      | Reached ***** piety under Trog
  5890 | D:8      | Noticed a two-headed ogre
  5890 | D:8      | Noticed a two-headed ogre
  5897 | D:8      | Killed a two-headed ogre
  5897 | D:8      | Reached skill level 9 in Maces & Flails
  5897 | D:8      | Reached XP level 10. HP: 96/96 MP: 6/9
  5902 | D:8      | Killed a two-headed ogre
  5933 | D:8      | Noticed a two-headed ogre
  5938 | D:8      | Killed a two-headed ogre
  6124 | D:8      | Found a staircase to the Lair.
  6138 | D:8      | Received a gift from Trog
  6177 | D:8      | Found an opulent altar of Gozag.
  6298 | D:8      | Gained mutation: You are clumsy. (Dex -2) [potion of mutation]
  6298 | D:8      | Gained mutation: You have sharp toenails. [potion of mutation]
  6298 | D:8      | Gained mutation: You are partially covered in thin metallic scales. (AC +2) [potion of mutation]
  6299 | D:8      | Lost mutation: You have sharp toenails. [potion of mutation]
  6299 | D:8      | Gained mutation: You have a pair of small antennae on your head. [potion of mutation]
  6299 | D:8      | Gained mutation: Your flesh is heat resistant. (rF+) [potion of mutation]
  6300 | D:8      | Gained mutation: You tend to lose your temper in combat. [potion of mutation]
  6386 | D:9      | Reached skill level 10 in Maces & Flails
  6400 | D:9      | Reached skill level 1 in Stealth
  6474 | D:9      | Noticed a two-headed ogre
  6476 | D:9      | Killed a two-headed ogre
  6489 | D:9      | Noticed Psyche
  6539 | D:9      | Killed Psyche
  6813 | D:9      | Reached XP level 11. HP: 99/105 MP: 2/10
  6978 | D:9      | Noticed Prince Ribbit
  6981 | D:9      | Killed Prince Ribbit
  7185 | D:9      | Found Utti's Jewellery Shoppe.
  7302 | D:9      | Gained mutation: You expend magic power (3 MP) to strengthen your wands. [mutagenic meat]
  7304 | D:9      | Gained mutation: You often lose your temper in combat. [mutagenic meat]
  7305 | D:9      | Gained mutation: Scrolls take you a little longer to read. [mutagenic meat]
  7361 | D:10     | Entered Level 10 of the Dungeon
  7475 | D:10     | Noticed Erolcha
  7482 | D:10     | Killed Erolcha
  7482 | D:10     | Reached skill level 11 in Maces & Flails
  7562 | D:10     | Noticed Nergalle
  7572 | D:10     | Noticed a spectral orc warlord
  7573 | D:10     | Killed Nergalle
  8166 | D:10     | Found a staircase to the Orcish Mines.
  8323 | Lair:1   | Entered Level 1 of the Lair of Beasts
  8642 | Lair:1   | Noticed an eight-headed hydra
  8646 | Lair:1   | Killed an eight-headed hydra
  8659 | Lair:1   | Received a gift from Trog
  8861 | Lair:1   | Reached skill level 12 in Maces & Flails
  8864 | Lair:1   | Reached XP level 12. HP: 118/118 MP: 3/11
 10258 | Lair:2   | Noticed nono's ghost (journeyman HaAs)
 10270 | Lair:2   | Killed nono's ghost
 10565 | Lair:2   | Noticed a catoblepas
 10568 | Lair:2   | Killed a catoblepas
 10710 | Lair:2   | Noticed a seven-headed hydra
 10761 | Lair:2   | Killed a seven-headed hydra
 11438 | Lair:3   | Got a polished trident
 11439 | Lair:3   | Identified the +3 trident of the Twenty Beds {pierce, *Contam rF+ rN++ MP+9} (You found it on level 3 of the Lair of Beasts)
 12006 | Lair:4   | Reached skill level 1 in Polearms
 12078 | Lair:4   | Found a staircase to the Swamp.
 12370 | Lair:4   | Found a hole to the Spider Nest.
 12377 | Lair:4   | Lost mutation: Scrolls take you a little longer to read. [potion of cure mutation]
 12377 | Lair:4   | Lost mutation: You expend magic power (3 MP) to strengthen your wands. [potion of cure mutation]
 12377 | Lair:4   | Lost mutation: You often lose your temper in combat. [potion of cure mutation]
 12377 | Lair:4   | Lost mutation: You are clumsy. (Dex -2) [potion of cure mutation]
 12377 | Lair:4   | Lost mutation: You tend to lose your temper in combat. [potion of cure mutation]
 12472 | Lair:4   | Reached XP level 13. HP: 33/127 MP: 5/12
 14001 | Lair:5   | Found a glowing silver altar of Zin.
 14072 | Lair:5   | Found a staircase to the Slime Pits.
 14085 | Lair:5   | Received a gift from Trog
 14593 | Lair:5   | Reached skill level 5 in Polearms
 15236 | Lair:5   | Reached skill level 1 in Shields
 15414 | Lair:6   | Entered Level 6 of the Lair of Beasts
 15610 | Lair:5   | Received a gift from Trog
 16449 | Lair:5   | Reached skill level 10 in Throwing
 17111 | Lair:6   | Reached XP level 14. HP: 114/137 MP: 13/13
 18474 | Lair:6   | Got a scorched copper ring
 18476 | Lair:6   | Identified the ring "Jemodd" {rF+ Slay+3} (You found it on level 6 of the Lair of Beasts)
 18916 | Orc:1    | Entered Level 1 of the Orcish Mines
 18937 | D:10     | Received a gift from Trog
 19312 | Orc:2    | Entered Level 2 of the Orcish Mines
 19312 | Orc:2    | Found a frozen archway.
 19353 | Orc:1    | Received a gift from Trog
 19397 | IceCv    | Entered an ice cave
 20020 | IceCv    | Received a gift from Trog
 20367 | IceCv    | Noticed a frost giant
 20388 | IceCv    | Killed a frost giant
 21315 | Orc:1    | Found Anajuz's Jewellery Shop.
 21925 | Orc:2    | Found a staircase to the Elven Halls.
 21936 | Orc:2    | Noticed Azrael
 21962 | Orc:2    | Killed Azrael
 22445 | Orc:2    | Reached skill level 10 in Polearms
 22455 | Orc:2    | Found Voshrov's Antique Weapon Shoppe.
 22650 | Orc:2    | Found a radiant altar of Vehumet.
 22672 | Orc:2    | Reached XP level 15. HP: 146/146 MP: 14/14
 22692 | Orc:2    | Received a gift from Trog
 22720 | Orc:2    | Paralysed by an orc sorcerer for 2 turns
 22734 | Orc:2    | Reached skill level 5 in Shields
 22857 | Orc:2    | Found an ancient bone altar of Kikubaaqudgha.
 22924 | Orc:2    | Received a gift from Trog
 22976 | Orc:2    | Found a roughly hewn altar of Beogh.
 22976 | Orc:2    | Found Dexkiery's Book Shoppe.
 22998 | Orc:2    | Found Fyethruw's Gadget Emporium.
 23017 | Orc:2    | Found Douga's Magic Scroll Shoppe.
 23028 | Orc:2    | Bought a scroll of blinking for 120 gold pieces
 23152 | D:9      | Bought the amulet "Diocim" {rElec rPois rC+ MR- Regen+} for 663 gold pieces
 23254 | D:11     | Received a gift from Trog
 24004 | D:11     | Cast into level 2 of the Abyss (a distortion unwield)
 24032 | Abyss:2  | Gained mutation: You tend to lose your temper in combat. [mutagenic glow]
 24066 | Abyss:2  | Noticed a tentacled starspawn
 24075 | Abyss:2  | Paralysed by accursed screaming for 1 turns
 24091 | Abyss:2  | Killed a tentacled starspawn
 24140 | Abyss:2  | Reached skill level 10 in Dodging
 24200 | Abyss:2  | Noticed a deep elf sorcerer
 24212 | Abyss:2  | Killed a deep elf sorcerer
 24249 | Abyss:2  | Paralysed by accursed screaming for 1 turns
 24275 | Abyss:2  | Received a gift from Trog
 24366 | Abyss:2  | Noticed a tentacled starspawn
 24376 | Abyss:2  | Killed a tentacled starspawn
 24384 | D:11     | Escaped the Abyss
 24415 | D:12     | Noticed Urug
 24421 | D:12     | Noticed Feta's ghost (journeyman FoFi)
 24542 | D:12     | Killed Urug
 24558 | D:12     | Killed Feta's ghost
 24769 | D:12     | Gained mutation: You are surrounded by a mild repulsion field. (EV +2) [mutagenic meat]
 24815 | D:12     | Noticed Joseph
 24843 | D:12     | Killed Joseph
 24843 | D:12     | Reached skill level 13 in Maces & Flails
 24875 | D:12     | Reached skill level 1 in Armour
 25370 | D:13     | Found a gate to the Vaults.
 26149 | D:13     | Gained mutation: Your muscles are strong. (Str +2) [mutagenic meat]
 26150 | D:13     | Gained mutation: You have sharp toenails. [mutagenic meat]
 26151 | D:13     | Gained mutation: You are partially covered in icy blue scales. (AC +2) [mutagenic meat]
 26152 | D:13     | Gained mutation: You have a beak for a mouth. [mutagenic meat]
 26287 | D:14     | Found a sacrificial altar of Ru.
 26393 | D:14     | Noticed Agnes
 26404 | D:14     | Killed Agnes
 26404 | D:14     | Reached XP level 16. HP: 121/158 MP: 5/15
 26423 | D:14     | Received a gift from Trog
 26430 | D:14     | Reached skill level 1 in Axes
 26633 | D:14     | Noticed psellion's ghost (journeyman FoFi)
 26661 | D:14     | Killed psellion's ghost
 27124 | D:14     | Received a gift from Trog
 27189 | D:14     | Reached skill level 10 in Fighting
 27263 | D:14     | Received a gift from Trog
 27732 | Elf:1    | Entered Level 1 of the Elven Halls
 27738 | Elf:1    | Received a gift from Trog
 28012 | Elf:1    | Mangled by a deep elf knight

Vault maps used:
D:1:      matt_arrival_refuge, minivault_4, hangedman_feature_mirror,
          interstate_on_off
D:2:      lemuel_doored_altar, serial_forest, infiniplex_forest_clump_tiny,
          infiniplex_forest_clump_double, infiniplex_forest_end_3,
          infiniplex_forest_clump_tiny, infiniplex_forest_clump_medium,
          infiniplex_forest_lined_ring, infiniplex_forest_end_2,
          infiniplex_forest_straight_4, st_stairs_7
D:5:      old_standard_altar, first_bread, uniq_grinder
D:6:      chequers_temple_overflow_statue_of_worship, hex_large,
          kennysheep_small_circle
D:7:      gammafunk_temple_overflow_wave
D:8:      lair_entry_dummy, basic_altar
D:9:      serial_shops, shop, uniq_psyche, uniq_prince_ribbit1
D:10:     orc_0_dummy, hangedman_pestilent_swarm, uniq_erolcha, uniq_nergalle
D:11:     feat_on_display
D:12:     sword_in_stone, uniq_urug
D:13:     david_vaults_3, minmay_protected_statue
D:14:     minmay_hedge_maze, nicolae_ru_the_path_less_chosen, uniq_agnes
Temple:   regret_index_temple_generic_petals
Lair:1:   dpeg_oklob_gauntlet, st_stairs_6, serial_bayou_shore_b,
          grunt_megastairs_1
Lair:3:   kennysheep_rathole, infiniplex_staircase_pool
Lair:4:   minmay_swamp_entry_reptiles, spider_nest_entry_webs, special_room
Lair:5:   nicolae_slime_entry_slimehenge, basic_altar, beast_lair_carwin_6
Lair:6:   evilmike_catoblepas_cave, serial_bayou_shore_b, grunt_megastairs_2
Orc:1:    serial_shops, shop, nooodl_orcs_dogs
Orc:2:    kennysheep_orc_mage_school, portal_ice_cave_entry_ice_beasts,
          uniq_azrael
Elf:1:    minmay_elf_arrival_circle, portal_desolation_entry_twin_temple,
          minmay_elf_annihilation, nooodl_food_tri
IceCv:    ice_cave_caverns_02

Skill      XL: |  1  2  3  4  5  6  7  8  9 10 11 12 13 14 15 16 |
---------------+-------------------------------------------------+-----
Maces & Flails | 3 4 5 6 7 9 10 12 13 | 13.7
Dodging        | 3 4 5 6 7 8 9 10 | 10.4
Fighting       | 3 4 5 7 8 9 10 | 10.1
Throwing       | 1 2 4 5 7 8 9 10 11 | 11.2
Stealth        | 1 2 |  2.4
Polearms       | 2 7 10 11 | 11.3
Shields        | 2 4 5 |  5.8
Armour         | 3 4 |  4.2
Axes           | 2 |  2.3

Action                   |  1- 3 |  4- 6 |  7- 9 | 10-12 | 13-15 | 16-18 || total
-------------------------+-------+-------+-------+-------+-------+-------++-------
Melee: Mace              |   112 |   146 |       |       |       |       ||   258
       Flail             |       |    33 |   191 |       |       |       ||   224
       Dire flail        |       |       |    41 |   467 |   296 |   156 ||   960
       Trident           |       |       |       |   125 |  1536 |       ||  1661
       Spear             |       |       |       |       |   180 |       ||   180
       Kick              |       |       |       |       |     9 |    94 ||   103
       Great mace        |       |       |       |       |     8 |       ||     8
       Broad axe         |       |       |       |       |     6 |    26 ||    32
       Peck              |       |       |       |       |     2 |    61 ||    63
       Halberd           |       |       |       |       |       |    33 ||    33
Throw: Javelin           |       |    21 |    48 |    60 |   128 |       ||   257
       Tomahawk          |       |       |     3 |    22 |    92 |       ||   117
       Large rock        |       |       |    27 |    79 |    85 |    78 ||   269
Invok: Berserk           |       |     2 |     5 |     7 |    15 |     1 ||    30
       Burn Spellbooks   |       |       |     2 |     4 |     1 |     1 ||     8
       Brothers in Arms  |       |       |       |     6 |     5 |     1 ||    12
       Trog's Hand       |       |       |       |     3 |     3 |     2 ||     8
  Use: Potion            |       |       |       |    14 |     8 |     4 ||    26
       Scroll            |       |       |       |    15 |    11 |     4 ||    30
 Stab: Sleeping          |       |       |       |     1 |     1 |       ||     2
       Distracted        |       |       |       |       |     2 |       ||     2
       Petrifying        |       |       |       |       |     1 |       ||     1
       Petrified         |       |       |       |       |     1 |       ||     1
  Eat: Chunk             |    17 |    14 |    35 |    76 |   166 |    24 ||   332
Armor: Animal skin       |    40 |    59 |       |       |       |       ||    99
       Robe              |       |    22 |    53 |   188 |   480 |       ||   743
       Troll leather arm |       |       |       |       |    97 |    77 ||   174
Dodge: Dodged            |    76 |   113 |   169 |   499 |  1235 |   105 ||  2197
Block: Large shield      |       |       |       |       |  1156 |       ||  1156
